 Dungeon Sprint DCSS version 0.18-a0-1186-gd02dc51 (webtiles) character file.

657 hexophile the Grappler (level 7, -3/84 HPs)
             Began as a Troll Fighter on Jan 28, 2016.
             Was an Elder of Cheibriados.
             Slain by a manticore (6 damage)
             ... in the Dungeon (Sprint IX: "|||||||||||||||||||||||||||||").
             The game lasted 00:03:12 (136 turns).

hexophile the Grappler (Troll Fighter)               Turns: 136, Time: 00:03:12

Health: -3/84      AC:  7    Str: 38    XL:     7   Next: 29%
Magic:  6/6        EV:  9    Int: 14    God:    Cheibriados [****..]
Gold:   0          SH: 11    Dex: 18    Spells: 0 memorised, 6 levels left

rFire  . . .     SeeInvis .       - Unarmed
rCold  . . .     Gourm    +     a - +0 robe
rNeg   . . .     Faith    .     b - +0 shield
rPois  .         Spirit   .     (helmet restricted)
rElec  .         Dismiss  .     (no cloak)
rCorr  .         Reflect  .     (gloves unavailable)
SustAt .         Harm     .     (boots unavailable)
MR     .....     NoTele   +     (no amulet)
Stlth  ++........               n - +2 ring of protection
                                m - +3 ring of strength

@: very slow, not resistant to hostile enchantments, unstealthy
A: unfitting armour, claws 3, fast metabolism 3, gourmand, regeneration 2,
shaggy fur 1, tough skin 2
a: Bend Time, Temporal Distortion, Slouch, Renounce Religion


You were in the Dungeon.
You worshipped Cheibriados.
Cheibriados was greatly pleased with you.
You were not hungry.

You visited 1 branch


Innate Abilities, Weirdness & Mutations

You are too large for most types of armour.
You have claws for hands.
Your metabolism is lightning-fast.
You like to eat raw meat.
You heal very quickly.
You are covered in fur (AC +1).
You have very tough skin (AC +2).

Inventory:

Armour
 a - a +0 robe (worn)
 b - a +0 shield (worn)
Jewellery
 m - a +3 ring of strength (left claw)
 n - a +2 ring of protection (right claw)
Wands
 l - a wand of fire (4/15)
Scrolls
 j - 2 scrolls of blinking
 k - 3 scrolls of remove curse
Potions
 c - a potion of might {Str+5 DMG+1d10}
 d - a potion of invisibility
 e - 5 potions of curing
 f - 3 potions of heal wounds
 g - a potion of haste
 h - 4 potions of magic
 i - a potion of berserk rage
Comestibles
 r - 2 bread rations


You had 6 spell levels left.
You didn't know any spells.


   Skills:
 * Level 9.9 Fighting
 - Level 2.4 Dodging
 - Level 2.4 Shields
 * Level 11.2 Unarmed Combat

Dungeon Overview and Level Annotations

Branches:
Dungeon (1/1)

Altars:
Cheibriados
Dithmenos
Elyvilon
Fedhas
Gozag
Kikubaaqudgha
Makhleb
Nemelex Xobeh
Okawaru
Pakellas
Qazlal
Ru
Sif Muna
Trog
Vehumet
Xom
Yredelemnul
Zin
The Shining One
Beogh
Jiyva
Lugonu

Vault maps used:
D:        linesprint
You       could see a manticore.


Message History

Okay, then.
Evoke which item? (* to show all) (? for menu, Esc to quit)
Zapping:
l - a wand of fire (7/15)
Press: ? - help, Shift-Dir - straight line, f - manticore
Aim: a manticore The bolt of fire hits the manticore.
The manticore is moderately wounded.
The bolt of fire hits the wight.
You destroy the wight!
Cheibriados appreciates the change of pace.
Cheibriados raises the support of your attributes as your movement slows.
The bolt of fire hits the iguana.
You kill the iguana!
Cheibriados appreciates the change of pace.
Cheibriados raises the support of your attributes as your movement slows.
Your Unarmed Combat skill increases to level 11!
The bolt of fire hits the scorpion.
You kill the scorpion!
Cheibriados appreciates the change of pace.
This wand has 6 charges left.
You block the manticore's attack. x2
The manticore closely misses you.
You got additional 1 HP.
Evoke which item? (* to show all) (? for menu, Esc to quit)
Zapping:
l - a wand of fire (6/15)
Press: ? - help, Shift-Dir - straight line, f/p - manticore
Aim: a manticore (moderately wounded)
The bolt of fire hits the manticore.
The manticore is severely wounded.
The bolt of fire hits the shadow imp.
You kill the shadow imp!
Cheibriados appreciates the change of pace.
You can now inflict damage on those overly hasty.
Cheibriados raises the support of your attributes as your movement slows.
This wand has 5 charges left.
The manticore bites you!
* * * LOW HITPOINT WARNING * * *
You block the manticore's attack. The manticore claws you.
* * * LOW HITPOINT WARNING * * *
You lost 7 HP.
You have now: 3/84 HP.
Unknown command.
Unknown command.
Unknown command.
Evoke which item? (* to show all) (? for menu, Esc to quit)
Zapping:
l - a wand of fire (5/15)
Press: ? - help, Shift-Dir - straight line, f/p - manticore
Aim: a manticore (severely wounded)
The bolt of fire hits the manticore.
The manticore is almost dead.
This wand has 4 charges left.
You block the manticore's attack. The manticore claws you.
You die...

Action                   |  1- 3 |  4- 6 |  7- 9 || total
-------------------------+-------+-------+-------++-------
Melee: Unarmed           |    18 |    13 |     1 ||    32
Evoke: Wand              |       |       |     3 ||     3
 Stab: Sleeping          |       |     1 |       ||     1

Notes
Turn   | Place    | Note
--------------------------------------------------------------
     0 | D        | hexophile the Troll Fighter began the quest for the Orb.
     0 | D        | Reached XP level 1. HP: 22/22 MP: 0/0
    12 | D        | Reached skill level 3 in Fighting
    20 | D        | Noticed an orc wizard
    20 | D        | Noticed a crimson imp
    20 | D        | Noticed a hound
    20 | D        | Noticed an iguana
    20 | D        | Noticed an ogre
    24 | D        | Killed an orc wizard
    24 | D        | Reached skill level 4 in Fighting
    24 | D        | Reached skill level 4 in Unarmed Combat
    24 | D        | Reached XP level 2. HP: 24/33 MP: 1/1
    24 | D        | Reached XP level 3. HP: 29/40 MP: 2/2
    26 | D        | Reached skill level 5 in Fighting
    26 | D        | Reached skill level 5 in Unarmed Combat
    28 | D        | Reached skill level 6 in Unarmed Combat
    28 | D        | Reached XP level 4. HP: 36/52 MP: 3/3
    29 | D        | Reached skill level 6 in Fighting
    30 | D        | Killed an ogre
    30 | D        | Reached skill level 7 in Fighting
    30 | D        | Reached skill level 8 in Unarmed Combat
    30 | D        | Reached XP level 5. HP: 37/62 MP: 4/4
    37 | D        | Found a glowing silver altar of Zin.
    37 | D        | Found a glowing golden altar of the Shining One.
    37 | D        | Found an ancient bone altar of Kikubaaqudgha.
    37 | D        | Found a basalt altar of Yredelemnul.
    37 | D        | Found a shimmering altar of Xom.
    37 | D        | Found a radiant altar of Vehumet.
    38 | D        | Found an iron altar of Okawaru.
    39 | D        | Found a burning altar of Makhleb.
    40 | D        | Found a deep blue altar of Sif Muna.
    41 | D        | Found a bloodstained altar of Trog.
    42 | D        | Found a sparkling altar of Nemelex Xobeh.
    43 | D        | Found a white marble altar of Elyvilon.
    44 | D        | Found a roughly hewn altar of Beogh.
    45 | D        | Found a viscous altar of Jiyva.
    46 | D        | Found a corrupted altar of Lugonu.
    47 | D        | Found a blossoming altar of Fedhas.
    48 | D        | Found a snail-covered altar of Cheibriados.
    49 | D        | Found a shadowy altar of Dithmenos.
    50 | D        | Found a stormy altar of Qazlal.
    51 | D        | Found an opulent altar of Gozag.
    52 | D        | Found a sacrificial altar of Ru.
    53 | D        | Found an oddly glowing altar of Pakellas.
    68 | D        | Became a worshipper of Cheibriados the Contemplative
    92 | D        | Noticed an ogre
    92 | D        | Noticed a centaur
    97 | D        | Reached * piety under Cheibriados
    97 | D        | Reached skill level 9 in Unarmed Combat
    97 | D        | Reached XP level 6. HP: 70/72 MP: 5/5
   103 | D        | Reached skill level 8 in Fighting
   105 | D        | Reached ** piety under Cheibriados
   105 | D        | Reached skill level 9 in Fighting
   105 | D        | Reached skill level 10 in Unarmed Combat
   118 | D        | Noticed a manticore
   120 | D        | Reached *** piety under Cheibriados
   120 | D        | Reached XP level 7. HP: 81/83 MP: 6/6
   134 | D        | Reached skill level 11 in Unarmed Combat
   135 | D        | Reached **** piety under Cheibriados
   135 | D        | HP: 4/84 [manticore (7)]
   136 | D        | Slain by a manticore

Table legend:
 A = Turns spent in this place as a percentage of turns spent in the entire game.
 B = Non-inter-level travel turns spent in this place as a percentage of non-inter-level travel turns spent in the entire game.
 C = Inter-level travel turns spent in this place as a percentage of turns spent in this place.
 D = Turns resting spent in this place as a percentage of non-inter-level travel turns spent in this place.
 E = Turns spent auto-exploring this place as a percentage of non-inter-level travel turns spent in this place.
 F = Non-inter-level travel turns spent in this place divided by the number of levels of this place that you've seen.
                   A       B       C       D       E      F
               +-------+-------+-------+-------+-------+----------------------
         Total | 100.0 | 100.0 |   0.0 |   0.0 |   0.0 | 145.0
       Dungeon | 100.0 | 100.0 |   0.0 |   0.0 |   0.0 | 145.0
               +-------+-------+-------+-------+-------+----------------------

Table legend:
 A = Kills in this place as a percentage of kills in entire the game.
 B = Kills by you in this place as a percentage of kills by you in the entire game.
 C = Kills by friends in this place as a percentage of kills by friends in the entire game.
 D = Other kills in this place as a percentage of other kills in the entire game.
 E = Experience gained in this place as a percentage of experience gained in the entire game.
 F = Experience gained in this place divided by the number of levels of this place that you have seen.
                   A       B       C       D       E      F
               +-------+-------+-------+-------+-------+----------------------
         Total | 100.0 | 100.0 |  -nan |  -nan | 100.0 | 939.0
       Dungeon | 100.0 | 100.0 |  -nan |  -nan | 100.0 | 939.0
               +-------+-------+-------+-------+-------+----------------------

Vanquished Creatures
  2 ogres (D)
  A centaur (D)
  A giant frog (D)
  2 scorpions (D)
  A killer bee (D)
  A wight (D)
  A crimson imp (D)
  2 hounds (D)
  An orc wizard (D)
  2 iguanas (D)
  An adder (D)
  A shadow imp (D)
  2 bats (D)
  2 giant newts (D)
  A kobold (D)
21 creatures vanquished.
